 Dungeon Crawl Stone Soup version 0.17-a0-1942-g46ae386 (webtiles) character file.

226 ololoev the Slasher (level 5, -1/37 HPs)
             Began as a High Elf Fighter on Sept 30, 2015.
             Slain by a sky beast (6 damage)
             ... on level 5 of the Dungeon.
             The game lasted 00:04:54 (585 turns).

ololoev the Slasher (High Elf Fighter)               Turns: 585, Time: 00:04:54

Health: -1/37      AC:  6    Str: 16    XL:     5   Next: 69%
Magic:  6/6        EV:  7    Int: 11    God:
Gold:   77         SH:  9    Dex: 15    Spells: 0 memorised, 4 levels left

rFire  . . .     SeeInvis .     a - +0 long sword
rCold  . . .     Clarity  .     b - +0 scale mail
rNeg   + + .     SustAt   .     c - +0 shield
rPois  .         Gourm    .     (no helmet)
rElec  .         Spirit   .     (no cloak)
rCorr  .         Warding  .     (no gloves)
rMut   .         Stasis   .     (no boots)
MR     .....                    (no amulet)
Stlth  ..........               k - ring of positive energy
                                g - ring of positive energy

@: not resistant to hostile enchantments, extremely unstealthy
A: no striking features
a: no special abilities

Inventory:

Hand weapons
 a - a +0 long sword (weapon)
Armour
 b - a +0 scale mail (worn)
 c - a +0 shield (worn)
Jewellery
 d - an uncursed amulet of stasis
 g - a ring of positive energy (left hand)
 k - a ring of positive energy (right hand)
Scrolls
 f - 2 scrolls of identify {unknown}
 l - a scroll of amnesia {unknown}
 m - a scroll of enchant weapon {unknown}
 n - a scroll of teleportation {unknown}
 p - a scroll of enchant armour {unknown}
Potions
 j - a potion of agility {unknown}
Comestibles
 e - a bread ration
 h - 10 chunks of flesh
 i - a meat ration


   Skills:
 + Level 3.9 Fighting
 * Level 5.1 Long Blades
 + Level 3.4 Armour
 + Level 3.4 Shields


You had 4 spell levels left.
You didn't know any spells.


You were on level 5 of the Dungeon.
You were not hungry.

You visited 1 branch of the dungeon, and saw 5 of its levels.

You collected 77 gold pieces.

### ####.. #######....#
##+#####
.....(#....###.......#
.....................+
......#..@{###. .....#
.....$.....##.##.....#.+
....%.##.#..#....#.#+#.#
.....
#.##.#.#.##.....### ....
#....#.#..........# ...
###..#.#.##......# ##
#..†.#.#.##......#
#.#.##.#.##.....# #
#.#....#.##.†...#

Notes
Turn   | Place    | Note
--------------------------------------------------------------
     0 | D:1      | ololoev the High Elf Fighter began the quest for the Orb.
     0 | D:1      | Reached XP level 1. HP: 16/16 MP: 2/2
   101 | D:1      | Reached XP level 2. HP: 17/21 MP: 3/3
   214 | D:2      | Found a bloodstained altar of Trog.
   253 | D:2      | Reached XP level 3. HP: 19/26 MP: 4/4
   292 | D:2      | Noticed Ijyb
   315 | D:2      | Killed Ijyb
   315 | D:2      | Reached skill level 4 in Long Blades
   315 | D:2      | Reached XP level 4. HP: 14/31 MP: 5/5
   365 | D:3      | Found a shimmering altar of Xom.
   366 | D:3      | Found a shimmering altar of Xom.
   367 | D:3      | Found a shimmering altar of Xom.
   368 | D:3      | Found a shimmering altar of Xom.
   369 | D:3      | Found a shimmering altar of Xom.
   493 | D:5      | Entered Level 5 of the Dungeon
   495 | D:5      | Noticed an ogre
   503 | D:5      | Killed an ogre
   503 | D:5      | Reached XP level 5. HP: 24/37 MP: 6/6
   528 | D:5      | Reached skill level 5 in Long Blades
   579 | D:5      | Noticed a sky beast
   585 | D:5      | Slain by a sky beast

Dungeon Overview and Level Annotations

Branches:
Dungeon (5/15)
 Temple: D:4-7

Altars:
Trog
Xom


Message History

You see here a dented crystal amulet.
d - a dented crystal amulet Put on which piece of jewellery? (? for menu, Esc to quit)
You feel strangely static.
d - an amulet of stasis (around neck)
You slash the giant newt!
You kill the giant newt!
j - a smoky amethyst potion
Found 2 gold pieces.
Put on which piece of jewellery? (? for menu, Esc to quit)
You remove your amulet of stasis.
You now have 77 gold pieces (gained 2).
A giant gecko comes into view.
The giant gecko bites you but does no damage.
You slash the giant gecko!
The giant gecko is almost dead.
You block the giant gecko's attack.
You hit the giant gecko but do no damage.
The giant gecko is severely wounded.
You block the giant gecko's attack. x2
You slash the giant gecko!
You kill the giant gecko!
You see here a giant gecko corpse.
Found 13 sling bullets of frost.
A sky beast comes into view.
Found 13 gold pieces.
A hound skeleton comes into view.
The hound skeleton moves out of view.
Some of the chunks of flesh in your inventory have rotted away.
Found a bread ration.
The teleport trap disappears.
The hound skeleton disappears!
The sky beast hits you. The sky beast shocks you.
You hit the sky beast but do no damage. You block the sky beast's attack.
The sky beast hits you but does no damage.
You closely miss the sky beast.
The sky beast hits you but does no damage.
You closely miss the sky beast.
The sky beast flickers out of sight!
Deactivating autopickup; reactivate with Ctrl-A.
Something hits you. Something shocks you.
You die...

There were no monsters in sight!

Vanquished Creatures
  An ogre (D:5)
  Ijyb (D:2)
  2 worker ants
  A gnoll (D:4)
  2 adders (D:2)
  A shadow imp (D:5)
  A worm (D:2)
  An orc (D:3)
  A ball python (D:2)
  3 goblins
  2 hobgoblins
  4 jackals (D:1)
  3 kobolds
  4 giant geckos
  A giant gecko skeleton (D:5)
  2 giant newts
  2 rats (D:1)
32 creatures vanquished.

Action                   |  1- 3 |  4- 6 || total
-------------------------+-------+-------++-------
Melee: Long sword        |    73 |    44 ||   117
Evoke: Wand              |       |     2 ||     2
  Use: Potion            |     1 |     2 ||     3

Vault maps used:
D:1:      scummos_arrival_checkerplants, minmay_lizard_king
D:2:      first_bread, trog_three_pillars_becter, uniq_iyjb
D:3:      minmay_misc_feat_roman, xom_redecorated
D:4:      yredelemnul_altar_generic
D:5:      st_stairs_5, okawaru_altar_gauntlet_db
